 Dungeon Crawl Stone Soup version 0.18.1-8-gdd0e5ea (webtiles) character file.

583 Shtopit the Ruffian (level 7, -13/61 HPs)
             Began as a Ghoul Monk on May 28, 2016.
             Was a Believer of Dithmenos.
             Mangled by a yak (16 damage)
             ... on level 6 of the Dungeon.
             The game lasted 00:16:04 (4726 turns).

Shtopit the Ruffian (Ghoul Monk)                    Turns: 4726, Time: 00:16:04

Health: -13/61     AC:  6    Str: 15    XL:     7   Next: 37%
Magic:  6/6        EV:  8    Int:  8    God:    Dithmenos [**....]
Gold:   248        SH:  0    Dex: 13    Spells: 0 memorised, 6 levels left

rFire  . . .     SeeInvis .       - Unarmed
rCold  + . .     Gourm    .     v - +0 leather armour
rNeg   + + +     Faith    .     (no shield)
rPois  ∞         Spirit   .     o - +0 helmet
rElec  .         Dismiss  .     (no cloak)
rCorr  .         Reflect  .     (no gloves)
SustAt .         Harm     .     (no boots)
MR     .....                    (no amulet)
Stlth  +++.......               f - +3 ring of intelligence
                                t - +2 ring of protection

@: rotting, wreathed by umbra, not resistant to hostile enchantments, fairly
stealthy
A: rotting body, claws 1, carnivore 3, cold resistance 1, negative energy
resistance 3, slow regeneration 1, torment resistance, unbreathing
a: Shadow Step, Renounce Religion


You were on level 6 of the Dungeon.
You worshipped Dithmenos.
Dithmenos was pleased with you.
You were not hungry.

You visited 2 branches of the dungeon, and saw 7 of its levels.

You collected 248 gold pieces.

Inventory:

Hand Weapons
 r - a -1 blowgun
Missiles
 s - 3 poisoned needles
Armour
 a - a +0 robe
 o - a +0 helmet (worn)
 p - a +0 ring mail
 v - a +0 leather armour (worn)
Rods
 u - a +0 rod of inaccuracy (9/9)
   (You found it on level 5 of the Dungeon)
Jewellery
 f - a +3 ring of intelligence (right claw)
 m - an uncursed ring of sustain attributes
 n - a +1 ring of slaying {unknown}
 t - a +2 ring of protection (left claw)
 B - a cursed ring of teleportation
 F - an uncursed ring of positive energy {unknown}
Wands
 q - a wand of paralysis (14/24)
 C - a wand of paralysis (8/24)
Scrolls
 e - 5 scrolls of enchant armour {unknown}
 g - 3 scrolls of recharging {unknown}
 x - 3 scrolls of teleportation {unknown}
 y - a scroll of amnesia
Potions
 c - a potion of cure mutation {unknown}
 h - a potion of heal wounds {unknown}
 j - a potion of resistance {unknown}
 k - 4 potions of curing {unknown}
 w - a potion of flight {unknown}
 z - 2 potions of haste {unknown}
 D - 2 potions of mutation {unknown}
Books
 i - a book of Summonings

   Spells                             Type                      Level
   a - Recall                         Summoning/Translocation      3
   b - Aura of Abjuration             Summoning                    5
   c - Summon Demon                   Summoning                    5
   d - Summon Forest                  Summoning/Translocation      5
   e - Summon Mana Viper              Hexes/Summoning              5
   f - Shadow Creatures               Summoning                    6
 A - a book of Death

   Spells                             Type                      Level
   a - Corpse Rot                     Necromancy                   2
   b - Sublimation of Blood           Necromancy                   2
   c - Agony                          Necromancy                   5
   d - Dispel Undead                  Necromancy                   5
   e - Excruciating Wounds            Charms/Necromancy            5
   f - Bolt of Draining               Conjuration/Necromancy       5
Comestibles
 b - 4 meat rations
 d - a slice of pizza
 l - 3 fruits


   Skills:
 + Level 5.0 Fighting
 + Level 2.1 Armour
 + Level 4.5 Dodging
 + Level 3.6 Stealth
 + Level 6.3 Unarmed Combat


You had 6 spell levels left.
You didn't know any spells.

Dungeon Overview and Level Annotations

Branches:
Dungeon (6/15)             Temple (1/1) D:5

Altars:
Dithmenos
Elyvilon
Fedhas
Gozag
Okawaru
Pakellas
Qazlal
Ru
Sif Muna
Trog
Xom
Yredelemnul
The Shining One

Annotations:
D:4 Natasha, Sigmund


Innate Abilities, Weirdness & Mutations

Your body is rotting away.
You thrive on raw meat.
You are immune to poison.
You have sharp fingernails.
You are carnivorous and can eat meat at any time.
Your flesh is cold resistant.
You are immune to negative energy.
You regenerate slowly when monsters are visible.
You are immune to unholy pain and torment.
You can survive without breathing.


Message History

The yak gores you but does no damage.
You scratch the yak but do no damage. The yak gores you. The yak gores you!
Found a stone staircase leading down.
Found a stone staircase leading up.
You scratch the yak but do no damage. The yak gores you.
You claw the yak!
The yak is lightly wounded.
The yak gores you!
* * * LOW HITPOINT WARNING * * *
You barely miss the yak.
The yak is lightly wounded.
The yak gores you!
* * * LOW HITPOINT WARNING * * *
Found a club.
Drink which item? (? for menu, Esc to quit)
Okay, then.
Found 13 stones.
There is a stone staircase leading up here.
The yak gores you!
You die...

#
###..o......#.#.#.#.#.#.#
# ####.#####...........##
# #Y.# #.#.#.#.#.#.# #
##.# ##..........# # #.##
.#.#.#.#..#
##Y#####.......#.#
#####..Y...#####....#
#...........## ##.###
#........YY@.# #.# ###
#............# #.#####...
##......>....# #.........
#.).........# ##........
##..........# ##.........
#..........# #..........
##.........# #..........
#....(....# #..........
.. #..........


You could see 4 yaks.

Vanquished Creatures
  A scorpion (D:3)
  A vampire bat (D:3)
  A howler monkey (D:5)
  A hound (D:5)
  A giant frog skeleton (D:5)
  An iguana (D:5)
  3 worker ants (D:5)
  A hound skeleton (D:5)
  11 adders
  A shadow imp (D:6)
  An ooze (D:5)
  An adder skeleton (D:4)
  2 worms
  2 dart slugs
  3 fire bats (D:3)
  2 giant geckos
  7 orcs
  2 spectral bats (D:3)
  A ball python (D:3)
  3 bat skeletons (D:3)
  A bat zombie (D:3)
  3 giant cockroaches
  4 goblins
  7 hobgoblins
  3 jackals (D:1)
  A quokka (D:3)
  15 bats
  A bat simulacrum (D:3)
  5 giant newts
  A jackal zombie (D:6)
  13 kobolds
  3 rats
103 creatures vanquished.

Notes
Turn   | Place    | Note
--------------------------------------------------------------
     0 | D:1      | Shtopit the Ghoul Monk began the quest for the Orb.
     0 | D:1      | Reached XP level 1. HP: 19/19 MP: 0/0
    53 | D:1      | Reached XP level 2. HP: 13/25 MP: 1/1
   655 | D:1      | Reached XP level 3. HP: 29/31 MP: 2/2
  1193 | D:2      | Found a shimmering altar of Xom.
  1202 | D:2      | Found a bloodstained altar of Trog.
  1202 | D:2      | Found a basalt altar of Yredelemnul.
  1202 | D:2      | Found a deep blue altar of Sif Muna.
  1205 | D:2      | Found an opulent altar of Gozag.
  1206 | D:2      | Found an oddly glowing altar of Pakellas.
  1316 | D:2      | Reached skill level 5 in Unarmed Combat
  2049 | D:2      | Reached XP level 4. HP: 40/40 MP: 3/3
  2196 | D:3      | Found an iron altar of Okawaru.
  2281 | D:3      | Found a stormy altar of Qazlal.
  2611 | D:3      | Reached XP level 5. HP: 26/46 MP: 4/4
  2891 | D:3      | Reached XP level 6. HP: 40/52 MP: 5/5
  2902 | D:3      | Reached skill level 1 in Armour
  3242 | D:4      | Noticed Sigmund
  3242 | D:4      | Noticed Natasha
  3409 | D:5      | Entered Level 5 of the Dungeon
  3834 | D:5      | Identified a +0 rod of inaccuracy (9/9) (You found it on level 5 of the Dungeon)
  3971 | D:5      | Found a staircase to the Ecumenical Temple.
  4010 | D:5      | Reached XP level 7. HP: 60/60 MP: 6/6
  4040 | Temple   | Entered the Ecumenical Temple
  4114 | Temple   | Became a worshipper of Dithmenos the Shadowed
  4114 | Temple   | Reached * piety under Dithmenos
  4114 | Temple   | Reached ** piety under Dithmenos
  4238 | D:5      | Reached skill level 6 in Unarmed Combat
  4264 | D:5      | Reached skill level 5 in Fighting
  4689 | D:6      | Noticed a yak
  4692 | D:6      | Noticed a yak
  4694 | D:6      | Noticed a yak
  4700 | D:6      | Noticed a yak
  4719 | D:6      | HP: 2/61 [yak (16)]
  4726 | D:6      | Mangled by a yak

Skill      XL: |  1  2  3  4  5  6  7 |
---------------+----------------------+-----
Dodging        | 3 4 |  4.5
Unarmed Combat | 5 6 |  6.3
Fighting       | 4 5 |  5.0
Stealth        | 3 |  3.6
Armour         | 1 2 |  2.1

Action                   |  1- 3 |  4- 6 |  7- 9 || total
-------------------------+-------+-------+-------++-------
Melee: Unarmed           |   120 |   193 |    60 ||   373
       Punch             |       |     2 |     2 ||     4
  Use: Scroll            |       |     5 |     1 ||     6
 Stab: Sleeping          |     3 |     6 |     1 ||    10
  Eat: Chunk             |     8 |     8 |       ||    16
Armor: Robe              |    20 |     3 |       ||    23
       Leather armour    |       |    76 |    17 ||    93
Dodge: Dodged            |    72 |   192 |    42 ||   306
